 Dungeon Crawl Stone Soup version 0.28.0-53-g5a82cb258f (webtiles) character file.

Game seed: 13489410098241676294

170 DocClef the Skirmisher (level 5, -2/51 HPs)
             Began as a Draconian Fighter on June 15, 2022.
             Slain by an orc
             ... wielding a +0 whip
              (5 damage)
             ... on level 3 of the Dungeon.
             The game lasted 00:03:05 (2395 turns).

DocClef the Skirmisher (Draconian Fighter)          Turns: 2395, Time: 00:03:06

Health: -2/51      AC:  5    Str: 21    XL:     5   Next: 26%
Magic:  5/5        EV: 11    Int:  8    God:
Gold:   90         SH:  4    Dex: 10    Spells: 4/4 levels left

rFire   . . .      SeeInvis .   a - +0 war axe
rCold   . . .      Faith    .   b - +0 buckler
rNeg    . . .      Spirit   .   (armour unavailable)
rPois   .          Reflect  .   (helmet restricted)
rElec   .          Harm     .   (no cloak)
rCorr   .          Rampage  .   (no gloves)
Will    .....                   (no boots)
Stlth   +.........              (no amulet)
HPRegen 0.17/turn               (no ring)
MPRegen 0.09/turn               (no ring)

@: no status effects
A: AC +5, unfitting armour, cold-blooded
a: no special abilities


You were on level 3 of the Dungeon.
You visited 1 branch of the dungeon, and saw 3 of its levels.

You collected 90 gold pieces.

Inventory:

Hand Weapons
 a - a +0 war axe (weapon)
Armour
 b - a +0 buckler (worn)
Scrolls
 e - 2 scrolls of identify {unknown}
 f - a scroll of brand weapon {unknown}
 h - a scroll of blinking {unknown}
 j - a scroll of vulnerability {unknown}
Potions
 c - a potion of might
 d - 5 potions of curing {unknown}
 g - a potion of attraction {unknown}
 i - a potion of brilliance {unknown}


   Skills:
 + Level 6.6 Fighting
 - Level 2.0 Axes
 - Level 2.6 Dodging
 - Level 3.0 Shields


You had 4 spell levels left.
You didn't know any spells.
Your spell library was empty.

Dungeon Overview and Level Annotations

Branches:
Dungeon (3/15)

Altars:

Annotations:
D:3 Sigmund


Innate Abilities, Weirdness & Mutations

Your plain brown scales are hard. (AC +5)
You cannot fit into any form of body armour.
You are cold-blooded and may be slowed by cold attacks.


Message History

The orc is heavily wounded.
You closely miss something. The orc hits you with a +0 club.
You hear some strange, mumbled words.
You are confused.
The orc barely misses you.
You closely miss the orc.
The orc is heavily wounded.
You closely miss something. Something hits you but does no damage.
The orc hits you but does no damage.
You hear some strange, mumbled words.
A magic dart appears from out of thin air!
The magic dart hits you!
* * * LOW HITPOINT WARNING * * *
You slash the orc!
You kill the orc!
You closely miss something. Something hits you but does no damage.
You barely miss the orc. You completely miss something.
The orc closely misses you. Something hits you.
* * * LOW HITPOINT WARNING * * *
You bump into the rock wall.
The orc hits you but does no damage. Something hits you.
* * * LOW HITPOINT WARNING * * *
Unknown command.
You feel less confused. Something hits you.
* * * LOW HITPOINT WARNING * * *
Items here: ))))) [[[[ †††.
You slash something!
Reactivating autopickup.
You feel a bit more experienced.
You slash the orc! The orc hits you with a +0 whip.
* * * LOW HITPOINT WARNING * * *
The orc completely misses you.
You barely miss the orc.
The orc is almost dead.
The orc hits you but does no damage.
You barely miss the orc.
The orc is almost dead.
The orc hits you with a +0 whip.
You die...

###....#### ..
##.........###....
............'......
###..........r..######
...........o.oo......#
.............o.......#
........##....##)....#####
####.. #....#<)o...'.....
#....##@....###### #
#######.....# # #.....# #
#........ ## ####...... .#
#...... .# ......
.######## ...... .........


You could see an orc.

Vanquished Creatures
  Natasha (twice) (D:3)
  An orc wizard (D:3)
  Robin (D:3)
  A gnoll (D:1)
  An adder (D:3)
  A worm (D:2)
  4 orcs (D:3)
  2 giant cockroaches (D:2)
  9 goblins
  9 hobgoblins
  2 quokkas
  4 ball pythons
  6 bats
  3 frilled lizards
  9 kobolds
  3 rats
58 creatures vanquished.

Vanquished Creatures (others)
  2 fungi (D:2)
2 creatures vanquished.

Grand Total: 60 creatures vanquished

Notes
Turn   | Place    | Note
-------+----------+-------------------------------------------
     0 | D:1      | DocClef the Draconian Fighter began the quest for the Orb.
     0 | D:1      | Reached XP level 1. HP: 19/19 MP: 1/1
   669 | D:1      | Reached XP level 2. HP: 27/27 MP: 2/2
   673 | D:1      | Reached skill level 4 in Fighting
  1045 | D:1      | Reached XP level 3. HP: 26/34 MP: 3/3
  1447 | D:2      | Reached skill level 5 in Fighting
  1877 | D:2      | Found a faded altar of an unknown god.
  1989 | D:3      | Noticed Natasha
  1994 | D:3      | Killed Natasha
  1995 | D:3      | Reached XP level 4. HP: 41/42 MP: 4/4
  2068 | D:3      | Noticed Sigmund
  2125 | D:3      | Noticed Robin
  2295 | D:3      | Noticed a bullfrog
  2302 | D:3      | Killed Robin
  2303 | D:3      | Reached skill level 6 in Fighting
  2328 | D:3      | Noticed Natasha
  2332 | D:3      | Killed Natasha
  2333 | D:3      | Reached XP level 5. HP: 45/50 MP: 5/5
  2393 | D:3      | HP: 2/51 [orc/+0 whip (4)]
  2395 | D:3      | Slain by an orc

Illustrated notes

Levels and vault maps discovered:
D:1:      enne_arrival_octagon_isle, layout_loops_corners
D:2:      layout_loops_ring, shapermc_ecumenical_altar_hornbeckon
D:3:      minmay_chambers_of_twos, layout_basic, chequers_serial_rivers_small_b,
          pf_guarded_unrand_meek, uniq_robin, uniq_natasha, uniq_sigmund

Skill      XL: |  1  2  3  4 |
---------------+-------------+-----
Fighting       | 4 5 6 |  6.6
Axes           | |  2.0
Dodging        | |  2.6
Shields        | |  3.0

Action                   |  1- 3 |  4- 6 || total
-------------------------+-------+-------++-------
Melee: War axe           |   118 |    46 ||   164
       Tailslap          |     9 |     8 ||    17
 Stab: Sleeping          |     1 |       ||     1
Armor: Skin              |    58 |    12 ||    70
Dodge: Dodged            |    92 |    39 ||   131
Block: Buckler           |    25 |     7 ||    32
